 Dungeon Sprint DCSS version 0.30-a0-469-g84de5afbc5 (webtiles) character file.

Game seed: 555865094281574749

10400000 NinjaNoafa the Conqueror (level 27, -2/249 HPs)
             Began as a Formicid Fighter on Dec 19, 2022.
             Was the Champion of Makhleb.
             Killed from afar by an observer (60 damage)
             ... with a fireball
             ... in the Dungeon (Sprint VIII: "Arena of Blood").
             The game lasted 00:02:13 (104 turns).

NinjaNoafa the Conqueror (Formicid Fighter)          Turns: 104, Time: 00:02:14

Health: -2/249     AC: 13    Str: 21    XL:     27
Magic:  22/54      EV: 31    Int: 12    God:    Makhleb [******]
Gold:   0          SH: 12    Dex: 23    Spells: 80/80 levels left

rFire   . . .      SeeInvis +    h - +∞ Axe of Woe
rCold   . . .      Faith    .    c - +0 buckler
rNeg    . . .      Spirit   .    b - +0 scale mail
rPois   .          Reflect  .    (helmet unavailable)
rElec   .          Harm     .    (no cloak)
rCorr   .          Rampage  .    (no gloves)
Will    ++...                    (no boots)
Stlth   +++++++++.               (no amulet)
HPRegen 0.61/turn                a - +30 ring of slaying
MPRegen 0.34/turn                i - +30 ring of slaying

@: no status effects
A: permanent stasis, dig shafts and tunnels, antennae 3, four strong arms
a: Dig, Renounce Religion, Minor Destruction, Lesser Servant of Makhleb, Major
Destruction, Greater Servant of Makhleb


You were in the Dungeon.
You worshipped Makhleb.
Makhleb was exalted by your worship.
You visited 1 branch

Inventory:

Hand Weapons
 h - the +∞ Axe of Woe (weapon)
   (You found it in the Dungeon)
Armour
 b - a +0 scale mail (worn)
 c - a +0 buckler (worn)
Jewellery
 a - a +30 ring of slaying (left hand)
 i - a +30 ring of slaying (right hand)
Potions
 d - a potion of might
 e - a potion of curing
 g - 2 potions of magic


   Skills:
 O Level 27 Fighting
 O Level 27 Short Blades
 O Level 27 Long Blades
 O Level 27 Axes
 O Level 27 Maces & Flails
 O Level 27 Polearms
 O Level 27 Staves
 O Level 27 Ranged Weapons
 O Level 27 Throwing
 O Level 27 Armour
 O Level 27 Dodging
 O Level 27 Stealth
 O Level 27 Shields
 O Level 27 Unarmed Combat
 O Level 27 Spellcasting
 O Level 27 Conjurations
 O Level 27 Hexes
 O Level 27 Summonings
 O Level 27 Necromancy
 O Level 27 Translocations
 O Level 27 Transmutations
 O Level 27 Fire Magic
 O Level 27 Ice Magic
 O Level 27 Air Magic
 O Level 27 Earth Magic
 O Level 27 Poison Magic
 O Level 27 Invocations
 O Level 27 Evocations


You had 80 spell levels left.
You didn't know any spells.
Your spell library was empty.

Dungeon Overview and Level Annotations

Branches:
Dungeon (1/1)

Altars:
Makhleb


Innate Abilities, Weirdness & Mutations

You cannot be hasted, slowed, berserked, paralysed or teleported.
You can dig through walls and to a lower floor.
You have a pair of large antennae on your head. (SInv)
Your four strong arms can wield two-handed weapons with a shield.


Message History

You kill the bag of meat!
Makhleb accepts your kill.
You feel better.
You hear a shout! x2
An observer comes into view.
Your balrug hits the sculptor of flesh with a +0 demon whip of electrocution!
The sculptor of flesh is engulfed in flames!!
The accursed casts a spell at you. Something smites you!
* * * LOW HITPOINT WARNING * * *
You hear a shout!
The accursed gestures at you while chanting.
Something smites you!
* * * LOW HITPOINT WARNING * * *
The sculptor of flesh hits your balrug with a +9 great sword!!!!!
Your balrug dies!
Your balrug disappears in a puff of smoke!
An observer comes into view.
The dread appears out of thin air!
A dread comes into view.
You hear a shout! x2
You block the observer's attack.
You hear a shout! x5
The observer gazes at you. Something smites you!
* * * LOW HITPOINT WARNING * * *
You hear a shout! x2
You block the observer's attack.
The observer moves out of view.
You carve the observer like a ham!!!
You fatally mangle the observer.
You kill the observer!
Makhleb accepts your kill.
You slice the bag of meat!!
You dissect the bag of meat like a pig carcass.
You kill the bag of meat!
Makhleb accepts your kill.
You feel better.
You hear a shout!
The observer gazes at you.
The fireball explodes!
The fireball engulfs you!!!
You die...

..{....#_)<)_# ... #
......#.))).#.....
..#.....)))_).......
....{..M))###....V..
.....###)))....###..
....O..#)M)....#
.....oW#)o.....#.
...M..z)†........
W#.WoLo..@.......
#.....o...)......
.#...........G..#
#..G..#........#.
...............#
.....##.#........
....{ ..W........
....#.....##


You could see 3 accurseds, a tyrant (fast), 2 observers, a sculptor of flesh, a
large bag of meat (inner flame), a dread, 2 wretched souls and 5 bags of meat.

Vanquished Creatures
  Sigmund (D)
  6 hell beasts (D)
  3 royal mummies (D)
  2 great orbs of eyes (D)
  12 vampire knights (D)
  33 ogres (D)
  7 two-headed ogres (D)
  3 liches (D)
  4 hydras (D)
  3 phantoms (D)
  69 orcs (D)
  4 skeletal warriors (D)
147 creatures vanquished.

Notes
Turn   | Place    | Note
-------+----------+-------------------------------------------
     0 | D        | Found the +∞ Axe of Woe
     0 | D        | NinjaNoafa the Formicid Fighter began the quest for the
                  | Orb.
     0 | D        | Reached XP level 1. HP: 18/18 MP: 1/1
     4 | D        | Became a worshipper of Makhleb the Destroyer
     5 | D        | Noticed a bag of meat
     5 | D        | Noticed a bag of meat
     6 | D        | Noticed a meat berserker
     8 | D        | Noticed a meat berserker
    10 | D        | Killed a bag of meat
    10 | D        | Killed a meat berserker
    10 | D        | Reached * piety under Makhleb
    10 | D        | Noticed a meat berserker
    10 | D        | Noticed a meat berserker
    11 | D        | Reached skill level 15 in Invocations
    11 | D        | Reached XP level 2. HP: 50/50 MP: 1/10
    11 | D        | Reached XP level 3. HP: 57/57 MP: 1/12
    11 | D        | Reached XP level 4. HP: 64/64 MP: 1/13
    11 | D        | Reached XP level 5. HP: 70/70 MP: 1/15
    11 | D        | Reached XP level 6. HP: 78/78 MP: 1/16
    11 | D        | Reached XP level 7. HP: 84/84 MP: 1/18
    11 | D        | Reached XP level 8. HP: 91/91 MP: 1/19
    11 | D        | Reached XP level 9. HP: 98/98 MP: 1/20
    11 | D        | Reached XP level 10. HP: 105/105 MP: 1/21
    11 | D        | Reached XP level 11. HP: 111/111 MP: 1/22
    11 | D        | Reached XP level 12. HP: 119/119 MP: 1/23
    11 | D        | Reached XP level 13. HP: 125/125 MP: 1/24
    11 | D        | Killed a bag of meat
    11 | D        | Noticed a bag of meat
    11 | D        | Noticed a bag of meat
    12 | D        | Reached skill level 15 in Armour
    12 | D        | Killed a meat berserker
    12 | D        | Noticed a bag of meat
    12 | D        | Noticed a bag of meat
    13 | D        | Reached skill level 15 in Axes
    13 | D        | Reached XP level 14. HP: 140/140 MP: 1/26
    15 | D        | Killed a meat berserker
    15 | D        | Reached ** piety under Makhleb
    15 | D        | Killed a meat berserker
    16 | D        | Reached skill level 15 in Dodging
    16 | D        | Reached XP level 15. HP: 153/153 MP: 2/28
    17 | D        | Noticed a meat berserker
    18 | D        | Reached *** piety under Makhleb
    19 | D        | Reached XP level 16. HP: 166/166 MP: 2/30
    20 | D        | Reached skill level 27 in Fighting
    20 | D        | Killed a meat berserker
    20 | D        | Reached **** piety under Makhleb
    21 | D        | Reached XP level 17. HP: 174/174 MP: 3/32
    21 | D        | Noticed a meat berserker
    22 | D        | Noticed a meat berserker
    22 | D        | Noticed a meat berserker
    23 | D        | Noticed a meat berserker
    26 | D        | Noticed a destroyer
    28 | D        | Killed a meat berserker
    28 | D        | Killed a meat berserker
    28 | D        | Killed a destroyer
    28 | D        | Reached ***** piety under Makhleb
    28 | D        | Killed a meat berserker
    29 | D        | Reached skill level 27 in Shields
    29 | D        | Reached skill level 27 in Invocations
    29 | D        | Reached XP level 18. HP: 182/182 MP: 4/35
    29 | D        | Noticed an eight-headed meat hydra
    29 | D        | Noticed a meat berserker
    30 | D        | Noticed a destroyer
    30 | D        | Noticed a large bag of meat
    30 | D        | Noticed a meat berserker
    30 | D        | Noticed a meat berserker
    30 | D        | Noticed a meat berserker
    30 | D        | Noticed a meat berserker
    30 | D        | Noticed a large bag of meat
    31 | D        | Noticed a large bag of meat
    31 | D        | Noticed a large bag of meat
    32 | D        | Noticed a meat berserker
    33 | D        | Reached skill level 27 in Armour
    33 | D        | Killed a meat berserker
    33 | D        | Noticed a meat berserker
    34 | D        | Noticed a sculptor of flesh
    34 | D        | Killed a meat berserker
    34 | D        | Killed a meat berserker
    34 | D        | Killed a meat berserker
    35 | D        | Reached skill level 27 in Axes
    35 | D        | Reached skill level 27 in Dodging
    35 | D        | Reached skill level 1 in Conjurations
    35 | D        | Reached skill level 1 in Air Magic
    35 | D        | Reached XP level 19. HP: 153/189 MP: 5/36
    35 | D        | Killed a meat berserker
    35 | D        | Reached ****** piety under Makhleb
    36 | D        | Reached skill level 5 in Hexes
    36 | D        | Reached skill level 5 in Earth Magic
    36 | D        | Reached skill level 5 in Poison Magic
    36 | D        | Killed a sculptor of flesh
    37 | D        | Reached skill level 5 in Short Blades
    37 | D        | Reached skill level 5 in Summonings
    37 | D        | Reached skill level 5 in Necromancy
    37 | D        | Reached skill level 5 in Fire Magic
    37 | D        | Reached skill level 5 in Ice Magic
    37 | D        | Reached XP level 20. HP: 197/197 MP: 6/37
    38 | D        | Reached skill level 5 in Conjurations
    38 | D        | Reached skill level 5 in Air Magic
    38 | D        | Noticed a destroyer
    38 | D        | Killed a nine-headed meat hydra
    38 | D        | Killed a meat berserker
    38 | D        | Noticed a meat berserker
    39 | D        | Reached skill level 10 in Poison Magic
    40 | D        | Reached skill level 10 in Earth Magic
    40 | D        | Killed a large bag of meat
    40 | D        | Killed a destroyer
    40 | D        | Noticed a destroyer
    41 | D        | Reached skill level 10 in Short Blades
    41 | D        | Reached skill level 10 in Summonings
    41 | D        | Reached skill level 10 in Necromancy
    41 | D        | Reached skill level 10 in Fire Magic
    41 | D        | Reached skill level 10 in Ice Magic
    41 | D        | Reached XP level 21. HP: 172/204 MP: 7/38
    41 | D        | Killed a large bag of meat
    41 | D        | Noticed a destroyer
    42 | D        | Reached skill level 10 in Long Blades
    42 | D        | Reached skill level 10 in Maces & Flails
    42 | D        | Reached skill level 10 in Polearms
    42 | D        | Reached skill level 10 in Staves
    42 | D        | Reached skill level 10 in Ranged Weapons
    42 | D        | Reached skill level 10 in Throwing
    42 | D        | Reached skill level 10 in Unarmed Combat
    42 | D        | Reached skill level 10 in Spellcasting
    42 | D        | Reached skill level 10 in Translocations
    42 | D        | Reached XP level 22. HP: 172/212 MP: 7/39
    43 | D        | Noticed a meat berserker
    43 | D        | Killed a meat berserker
    43 | D        | Killed a large bag of meat
    43 | D        | Killed a destroyer
    43 | D        | Noticed a destroyer
    43 | D        | Noticed a large bag of meat
    44 | D        | Reached skill level 15 in Stealth
    44 | D        | Reached skill level 15 in Hexes
    44 | D        | Reached skill level 15 in Earth Magic
    44 | D        | Noticed a meat berserker
    45 | D        | Reached skill level 15 in Transmutations
    45 | D        | Reached skill level 15 in Evocations
    45 | D        | Reached XP level 23. HP: 214/219 MP: 7/40
    46 | D        | Noticed a destroyer
    46 | D        | Noticed a large bag of meat
    46 | D        | Noticed a destroyer
    46 | D        | Noticed a destroyer
    47 | D        | Killed a destroyer
    48 | D        | Reached skill level 15 in Short Blades
    48 | D        | Reached skill level 15 in Summonings
    48 | D        | Reached skill level 15 in Necromancy
    48 | D        | Reached skill level 15 in Fire Magic
    48 | D        | Reached skill level 15 in Ice Magic
    48 | D        | Reached XP level 24. HP: 227/227 MP: 8/41
    48 | D        | Killed a destroyer
    49 | D        | Noticed an accursed
    49 | D        | Killed a large bag of meat
    49 | D        | Noticed a destroyer
    50 | D        | Reached skill level 15 in Long Blades
    50 | D        | Reached skill level 15 in Maces & Flails
    50 | D        | Reached skill level 15 in Polearms
    50 | D        | Reached skill level 15 in Staves
    50 | D        | Reached skill level 15 in Ranged Weapons
    50 | D        | Reached skill level 15 in Throwing
    50 | D        | Reached skill level 15 in Unarmed Combat
    50 | D        | Reached skill level 15 in Spellcasting
    50 | D        | Reached skill level 15 in Translocations
    50 | D        | Reached XP level 25. HP: 109/234 MP: 8/42
    50 | D        | Killed a destroyer
    50 | D        | Noticed a destroyer
    51 | D        | Reached skill level 15 in Air Magic
    51 | D        | Killed a large bag of meat
    51 | D        | Killed a destroyer
    52 | D        | Reached skill level 15 in Conjurations
    54 | D        | Reached XP level 26. HP: 233/242 MP: 9/44
    54 | D        | Killed a destroyer
    54 | D        | Noticed a large bag of meat
    55 | D        | Noticed an accursed
    55 | D        | Killed a large bag of meat
    56 | D        | Killed a destroyer
    57 | D        | Killed a destroyer
    57 | D        | Killed a destroyer
    58 | D        | Reached XP level 27. HP: 220/249 MP: 10/46
    58 | D        | Killed an accursed
    59 | D        | Reached skill level 27 in Poison Magic
    59 | D        | Noticed The Captor
    59 | D        | Killed an accursed
    59 | D        | Killed The Captor
    60 | D        | Reached skill level 27 in Stealth
    60 | D        | Reached skill level 27 in Hexes
    60 | D        | Reached skill level 27 in Earth Magic
    64 | D        | Noticed a tyrant
    66 | D        | Noticed a tyrant
    66 | D        | Noticed an accursed
    66 | D        | Noticed a meat beast
    67 | D        | Reached skill level 27 in Transmutations
    67 | D        | Reached skill level 27 in Evocations
    67 | D        | Killed a large bag of meat
    68 | D        | Noticed a meat beast
    71 | D        | HP: 12/249 [??? (9)]
    73 | D        | Killed a meat beast
    73 | D        | Killed a meat beast
    74 | D        | Reached skill level 27 in Short Blades
    74 | D        | Reached skill level 27 in Summonings
    74 | D        | Reached skill level 27 in Necromancy
    74 | D        | Reached skill level 27 in Fire Magic
    74 | D        | Reached skill level 27 in Ice Magic
    76 | D        | Killed a tyrant
    79 | D        | Noticed a meat beast
    79 | D        | HP: 12/249 [??? (9)]
    80 | D        | Killed an accursed
    80 | D        | Noticed a destroyer
    81 | D        | Reached skill level 27 in Long Blades
    81 | D        | Reached skill level 27 in Maces & Flails
    81 | D        | Reached skill level 27 in Polearms
    81 | D        | Reached skill level 27 in Staves
    81 | D        | Reached skill level 27 in Ranged Weapons
    81 | D        | Reached skill level 27 in Throwing
    81 | D        | Reached skill level 27 in Unarmed Combat
    81 | D        | Reached skill level 27 in Spellcasting
    81 | D        | Reached skill level 27 in Translocations
    81 | D        | Noticed a meat beast
    82 | D        | Killed a meat beast
    83 | D        | Reached skill level 27 in Conjurations
    83 | D        | Reached skill level 27 in Air Magic
    83 | D        | Killed a tyrant
    84 | D        | Killed a meat beast
    84 | D        | Killed a destroyer
    86 | D        | Noticed a meat beast
    90 | D        | Noticed a tyrant
    91 | D        | Noticed an accursed
    94 | D        | Noticed an accursed
    95 | D        | Noticed a meat beast
    95 | D        | Killed a meat beast
    97 | D        | Noticed a tyrant
    98 | D        | Killed a tyrant
    99 | D        | Noticed an accursed
    99 | D        | Noticed a large bag of meat
   100 | D        | Killed a meat beast
   104 | D        | Noticed a dread
   104 | D        | Killed from afar by an observer

Illustrated notes

Levels and vault maps discovered:
D:        meatsprint

Skill      XL: |  1  2  3  4  5  6  7  8  9 10 11 12 13 14 15 16 17 18 19 20 21 22 23 24 25 26 27 |
---------------+----------------------------------------------------------------------------------+-----
Fighting       | 19 22 24 26 27 | 27.0
Axes           | 12 15 17 18 19 24 27 | 27.0
Armour         | 14 16 18 19 21 26 27 | 27.0
Dodging        | 11 13 15 16 18 22 27 | 27.0
Shields        | 16 19 21 23 24 27 | 27.0
Invocations    | 15 17 19 21 22 27 | 27.0
Short Blades   | 2 5 10 11 14 15 17 18 21 27 | 27.0
Long Blades    | 2 4 9 10 12 14 15 17 19 27 | 27.0
Maces & Flails | 2 4 9 10 12 14 15 17 19 27 | 27.0
Polearms       | 2 4 9 10 12 14 15 17 19 27 | 27.0
Staves         | 2 4 9 10 12 14 15 17 19 27 | 27.0
Ranged Weapons | 2 4 9 10 12 14 15 17 19 27 | 27.0
Throwing       | 2 4 9 10 12 14 15 17 19 27 | 27.0
Stealth        | 2 6 12 13 16 17 19 21 24 27 | 27.0
Unarmed Combat | 2 4 9 10 12 14 15 17 19 27 | 27.0
Spellcasting   | 2 4 9 10 12 14 15 17 19 27 | 27.0
Conjurations   | 1 4 8 9 11 12 14 15 17 27 | 27.0
Hexes          | 2 6 12 13 16 18 20 22 24 27 | 27.0
Summonings     | 2 5 10 11 14 15 17 18 21 27 | 27.0
Necromancy     | 2 5 10 11 14 15 17 18 21 27 | 27.0
Translocations | 2 4 9 10 12 14 15 17 19 27 | 27.0
Transmutations | 2 6 11 12 15 16 18 20 22 27 | 27.0
Fire Magic     | 2 5 10 11 14 15 17 18 21 27 | 27.0
Ice Magic      | 2 5 10 11 14 15 17 18 21 27 | 27.0
Air Magic      | 1 4 8 9 11 13 14 16 18 27 | 27.0
Earth Magic    | 2 6 12 13 16 18 20 22 24 27 | 27.0
Poison Magic   | 3 7 13 14 17 19 21 23 26 27 | 27.0
Evocations     | 2 6 11 12 15 16 18 20 22 27 | 27.0

Action                   |  1- 3 |  4- 6 |  7- 9 | 10-12 | 13-15 | 16-18 | 19-21 | 22-24 | 25-27 || total
-------------------------+-------+-------+-------+-------+-------+-------+-------+-------+-------++-------
Melee: Executioner's axe |     1 |       |       |       |     4 |     7 |     7 |     6 |    45 ||    70
Invok: Greater Servant o |       |       |       |       |       |       |       |     1 |     4 ||     5
 Abil: Dig               |       |       |       |       |     3 |       |       |       |       ||     3
  Use: Potion            |       |       |       |       |       |       |       |       |     1 ||     1
Armor: Scale mail        |       |       |       |       |       |       |       |       |     2 ||     2
Dodge: Dodged            |       |       |       |       |       |       |       |       |     8 ||     8
Block: Buckler           |       |       |       |       |     1 |     2 |       |       |     3 ||     6

Table legend: (Time is in decaauts)
 A = Elapsed time spent in this place.
 B = Non-inter-level travel time spent in this place.
 C = Inter-level travel time spent in this place.
 D = Time resting spent in this place.
 E = Time spent auto-exploring this place.
 F = Levels seen in this place.
 G = Mean time per level.
                   A        B        C        D        E       F      G
               +--------+--------+--------+--------+--------+-----+--------+
         Total |     85 |     85 |      0 |      0 |      0 |   1 |   85.0 |
       Dungeon |     85 |     85 |      0 |      0 |      0 |   1 |   85.0 |
               +--------+--------+--------+--------+--------+-----+--------+

Top non-repeatable levels by time:
       D: 85 daAuts
